 Dungeon Crawl Stone Soup version 0.30-a0-578-gdee14c521f (webtiles) character file.

Game seed: 4524838446632030182

822 wormed the Covered (level 7, -20/64 HPs)
             Began as an Armataur Fighter on Jan 1, 2023.
             Demolished by an ogre
             ... wielding a +0 giant spiked club
              (26 damage)
             ... on level 4 of the Dungeon.
             The game lasted 00:07:12 (4437 turns).

wormed the Covered (Armataur Fighter)               Turns: 4437, Time: 00:07:12

Health: -20/64     AC:  8    Str: 31    XL:     7   Next: 63%
Magic:  0/16       EV:  7    Int:  8    God:
Gold:   167        SH:  4    Dex:  5    Spells: 6/6 levels left

rFire   . . .      SeeInvis .    a - +1 flail
rCold   + . .      Faith    .    c - +0 buckler
rNeg    . . .      Spirit   +    b - +0 scale mail
rPois   .          Reflect  .    (no helmet)
rElec   .          Harm     .    (no cloak)
rCorr   .          Roll     +    e - +0 pair of gloves of the Constellations {rC+ MP+9 Str+8 Dex-5}
Will    .....                    (no barding) Stlth
                                 t - amulet of guardian spirit
HPRegen 0.30/turn                (no ring)
MPRegen 0.15/turn                (no ring)

@: mighty, brilliant
A: large, rugged brown scales 3, deformed body, armoured tail, roll, long
tongue, awkward tongue
a: no special abilities


You were on level 4 of the Dungeon.
You visited 1 branch of the dungeon, and saw 5 of its levels.

You collected 186 gold pieces.
You spent 19 gold pieces at shops.

Inventory:

Hand Weapons
 a - a +1 flail (weapon)
Missiles
 h - 18 poisoned darts (quivered)
 j - 2 throwing nets
Armour
 b - a +0 scale mail (worn)
 c - a +0 buckler (worn)
 e - the +0 pair of gloves of the Constellations (worn) {rC+ MP+9 Str+8 Dex-5}
   (You acquired it on level 4 of the Dungeon)

   Str:       It affects your strength (+8).
   Dex:       It affects your dexterity (-5).
   rC:        It protects you from cold.
   MP:        It affects your magic capacity (+9).
Jewellery
 t - an amulet of guardian spirit (around neck)
 w - a ring of see invisible
Wands
 o - a wand of flame (20)
 y - a wand of iceblast (9)
Scrolls
 n - a scroll of teleportation
 q - 3 scrolls of amnesia
 s - a scroll of enchant weapon
 A - a scroll of vulnerability
 B - a scroll of blinking
Potions
 m - a potion of berserk rage {unknown}
 p - a potion of ambrosia {unknown}
 u - a potion of lignification {unknown}
 v - a potion of curing
 x - 2 potions of brilliance
 z - a potion of degeneration {unknown}


   Skills:
 + Level 4.4 Fighting
 * Level 5.2 Maces & Flails
 + Level 5.9 Armour
 + Level 5.3 Shields


You had 6 spell levels left.
You didn't know any spells.
Your spell library contained the following spells:

 Spells                   Type           Power      Damage    Failure   Level
 Inner Flame              Hex/Fire       0%         N/A       97%         3
 Cause Fear               Hex            0%         N/A       100%        4
 Discord                  Hex            0%         N/A       100%        8


Dungeon Overview and Level Annotations

Branches:
Dungeon (5/15)
 Temple: D:4-7

Altars:

Shops:
D:3 *


Innate Abilities, Weirdness & Mutations

You are completely covered in rugged brown scales. (AC +3, +7% HP)
Armour fits poorly on your strangely shaped body.
You have a long armoured tail.
You roll when moving toward enemies. (Rampage)
Your long tongue fully drains potion bottles. (2x potion effects)
Your tongue gives you trouble enunciating. (1.5x scroll delay)


Message History

There is a stone staircase leading down, spattered with blood here.
You climb downwards.
Level annotation: Menkaure The ogre hits you with a +0 giant spiked club!
Menkaure hums, "Let me perform the rites..."
There is a stone staircase leading up here.
The ogre closely misses you.
You climb upwards.
There is a stone staircase leading down, spattered with blood here.
You slurp down every last drop of the potion of might!
You feel very mighty all of a sudden.
Menkaure calls on the powers of darkness!
The ogre convulses!
Your body is wracked with pain!
You block the ogre's attack.
You hit Menkaure.
Menkaure is lightly damaged.
Menkaure mumbles some strange words.
Menkaure seems to speed up.
You block the ogre's attack.
You hit Menkaure. You tail-slap Menkaure!
Menkaure is almost destroyed.
Menkaure gestures at you while chanting.
Pain shoots through your body!
You thump Menkaure!
You destroy Menkaure!
The ogre hits you with a +0 giant spiked club!!
* * * LOW HITPOINT WARNING * * *
Your Maces & Flails skill increases to level 5!
You completely miss the ogre.
The ogre is heavily wounded.
You block the ogre's attack.
You barely miss the ogre.
The ogre is heavily wounded.
The ogre hits you with a +0 giant spiked club!
* * * LOW HITPOINT WARNING * * *
You closely miss the ogre.
The ogre is heavily wounded.
You barely miss the ogre.
The ogre is heavily wounded.
The ogre hits you with a +0 giant spiked club!!
You die...

#.####.## #######........
#........##...#
#.........')>.+
#........##...#
#........###+#.
###'####.###.#.
######.####.......
#@O[..............
##รท#.#.##.........
#######
########[#.#....##.#...#
#.....#
#.....##.#.#######.#....
#.....#
#.....'.................
#.....#
#.....#.###.....####..##
#.....####.####.# #.....#
#..## #....<..@..#
#.###.....# #....
#####.#########.#.'.....#
#..##


You could see an ogre.

Vanquished Creatures
  Sigmund (D:4)
  Menkaure (D:4)
  A water moccasin (D:4)
  A black bear (D:4)
  3 hounds
  A gnoll bouda (D:5)
  Terence (D:2)
  Jessica (D:2)
  An iguana (D:2)
  3 gnolls (D:5)
  10 adders
  A dart slug (D:4)
  5 orcs (D:5)
  6 endoplasms
  2 giant cockroaches
  4 goblins
  A hobgoblin (D:4)
  10 jackals
  8 kobolds
  5 quokkas
  2 ball pythons
  4 bats
  4 frilled lizards
  7 rats
83 creatures vanquished.

Notes
Turn   | Place    | Note
-------+----------+-------------------------------------------
     0 | D:1      | wormed the Armataur Fighter began the quest for the Orb.
     0 | D:1      | Reached XP level 1. HP: 19/19 MP: 1/1
   237 | D:1      | Reached XP level 2. HP: 26/26 MP: 2/2
   677 | D:2      | Noticed Terence
   690 | D:2      | Killed Terence
   691 | D:2      | Reached XP level 3. HP: 23/33 MP: 3/3
   845 | D:2      | Found a faded altar of an unknown god.
  1007 | D:2      | Reached XP level 4. HP: 40/40 MP: 4/4
  1076 | D:2      | Noticed Jessica
  1087 | D:2      | Killed Jessica
  1512 | D:3      | Reached XP level 5. HP: 48/48 MP: 5/5
  1798 | D:3      | Found Maplid's Assorted Antiques.
  1853 | D:3      | Bought a scroll labelled XATOLO AXTIN for 19 gold pieces
  2277 | D:4      | Noticed a black bear
  2288 | D:4      | Killed a black bear
  2289 | D:4      | Reached XP level 6. HP: 44/54 MP: 6/6
  2541 | D:4      | Reached skill level 5 in Armour
  2656 | D:4      | Noticed Sigmund
  2913 | D:5      | Entered Level 5 of the Dungeon
  2913 | D:5      | Noticed a water moccasin
  2943 | D:5      | Noticed Menkaure
  3299 | D:5      | Found the +8 Vampire's Tooth {vamp}
  3574 | D:4      | Killed Sigmund
  3575 | D:4      | Reached skill level 5 in Shields
  3575 | D:4      | Reached XP level 7. HP: 26/63 MP: 7/7
  4342 | D:4      | Identified a scroll of acquirement
  4342 | D:4      | Acquired the +0 pair of gloves of the Constellations {rC+
                  | MP+9 Str+8 Dex-5}
  4433 | D:4      | Killed Menkaure
  4434 | D:4      | Reached skill level 5 in Maces & Flails
  4437 | D:4      | Demolished by an ogre

Illustrated notes

Levels and vault maps discovered:
D:1:      dpeg_arrival_ratfight, layout_basic, grunt_decor_arrowhead
D:2:      minmay_door_path, layout_rooms, nicolae_ecumenical_lake_church,
          columned_hall_lemuel, uniq_terence, uniq_jessica
D:3:      layout_loops_ring, serial_shops, shop, minmay_strange_pillars
D:4:      layout_basic, uniq_sigmund
D:5:      layout_loops_cross, portal_sewer_entry_b,
          hangedman_abyss_or_decor_stagger, nrook_campfire, grunt_ministairs_2,
          uniq_menkaure

Skill      XL: |  1  2  3  4  5  6  7 |
---------------+----------------------+-----
Maces & Flails | 2 3 4 5 |  5.2
Fighting       | 3 4 |  4.4
Armour         | 4 5 |  5.9
Shields        | 4 5 |  5.3

Action                   |  1- 3 |  4- 6 |  7- 9 || total
-------------------------+-------+-------+-------++-------
Melee: Flail             |    75 |   137 |    60 ||   272
       Tailslap          |     4 |    14 |     3 ||    21
Throw: Dart              |       |    11 |       ||    11
  Use: Potion            |     1 |     1 |     6 ||     8
       Scroll            |       |     2 |     8 ||    10
Armor: Scale mail        |    45 |    73 |    34 ||   152
Dodge: Dodged            |    25 |    44 |    16 ||    85
Block: Buckler           |    15 |    34 |    15 ||    64

Table legend: (Time is in decaauts)
 A = Elapsed time spent in this place.
 B = Non-inter-level travel time spent in this place.
 C = Inter-level travel time spent in this place.
 D = Time resting spent in this place.
 E = Time spent auto-exploring this place.
 F = Levels seen in this place.
 G = Mean time per level.
                   A        B        C        D        E       F      G
               +--------+--------+--------+--------+--------+-----+--------+
         Total |   4516 |   4074 |    442 |    371 |   2904 |   5 |  903.2 |
       Dungeon |   4516 |   4074 |    442 |    371 |   2904 |   5 |  903.2 |
               +--------+--------+--------+--------+--------+-----+--------+

Top non-repeatable levels by time:
     D:4: 1664 daAuts
     D:3: 978 daAuts
     D:2: 748 daAuts
     D:1: 685 daAuts
     D:5: 440 daAuts
